Map: Oxide LE

Players

SortOf

  • Race: Zerg Zerg
  • League: Master

ArT - Winner!

  • Race: Protoss Protoss

Event: DreamHack SC2 Masters 2021 Summer

VOD

Have the link to the VOD?

Description

Time

  • Played on: May 26, 2021, 11:31 a.m.
  • Length: 19:05

All games in this series

Show
View Real Time Build Order
Export as new Build Order

SortOf Zerg 

Build Orders: Hatch First 

Get SALT Encoding   

  12  0:00  Drone  
  13  0:12  Overlord  
  13  0:16  Drone  
  14  0:31  Drone x2  
  16  0:48  Hatchery  
  15  0:52  Drone  
  15  0:56  Drone  
  17  1:00  Drone  
  18  1:11  Extractor  
  18  1:15  Spawning Pool  
  16  1:18  Drone  
  16  1:23  Drone  
  18  1:29  Drone  
  20  1:40  Drone  
  20  1:51  Hatchery, Drone  
  20  2:01  Drone  
  20  2:02  Queen  
  20  2:06  Drone  
  24  2:13  Overlord  
  24  2:16  Drone  
  24  2:22  Queen  
  27  2:26  Drone  
  28  2:34  Zergling x4  
  30  2:38  Drone  
  30  2:39  Queen  
  30  2:43  Drone x2  
  35  2:54  Drone  
  36  3:03  Queen  
  36  3:04  Overlord  
  38  3:06  Drone x2  
  38  3:07  Drone  
  41  3:14  Overlord  
  41  3:17  Drone  
  42  3:20  Metabolic Boost  
  42  3:21  Queen  
  42  3:22  Overlord  
  44  3:27  Drone  
  44  3:31  Drone  
  44  3:32  Drone x2  
  44  3:33  Drone  
  49  3:34  Drone  
  49  3:35  Drone  
  49  3:38  Drone  
  52  3:42  Zergling x2  
  52  3:44  Queen  
  55  3:49  Zergling x2, Overlord  
  55  3:50  Drone  
  55  3:52  Drone  
  55  3:53  Drone  
  59  3:59  Spore Crawler  
  58  4:07  Overlord  
  57  4:10  Drone x6  
  57  4:12  Queen  
  65  4:18  Roach Warren  
  65  4:21  Drone  
  65  4:22  Overlord  
  65  4:32  Overlord  
  65  4:34  Extractor, Drone x6, Overlord  
  65  4:38  Extractor, Drone x2  
  71  4:42  Drone x3  
  71  4:45  Lair  
  74  4:46  Drone  
  75  4:53  Queen  
  75  4:55  Drone x2  
  75  4:57  Extractor  
  78  5:02  Drone x4  
  78  5:03  Drone x2  
  83  5:07  Drone x2  
  83  5:14  Drone x3  
  88  5:17  Overlord, Extractor  
  88  5:19  Extractor  
  88  5:20  Roach x6  
  97  5:22  Spore Crawler  
  96  5:29  Overlord  
  96  5:32  Queen, Evolution Chamber  
  96  5:33  Overlord  
  96  5:34  Queen  
  99  5:37  Zergling x4  
  99  5:42  Roach x2  
  105  5:45  Infestation Pit  
  105  5:46  Overlord  
  105  5:49  Drone x3  
  107  5:50  Overseer  
  107  5:51  Zergling x8  
  111  6:05  Overlord  
  111  6:07  Queen  
  111  6:10  Spire  
  112  6:11  Hatchery, Zerg Ground Armor Level 1  
  109  6:19  Queen  
  109  6:21  Queen  
  111  6:30  Drone x4  
  115  6:33  Infestor x3  
  115  6:34  Spore Crawler  
  119  6:45  Hive  
  118  6:48  Overlord, Evolution Chamber  
  118  6:50  Drone x5  
  120  6:54  Queen  
  120  6:57  Queen  
  112  7:28  Corruptor x6, Zerg Flyer Armor Level 1  
  122  7:30  Queen  
  122  7:33  Queen  
  124  7:37  Drone x3  
  124  7:39  Drone x2  
  124  7:42  Drone  
  124  7:43  Drone x2  
  130  7:47  Hatchery  
  129  7:51  Zerg Melee Weapons Level 1  
  129  7:58  Corruptor x2  
  129  8:01  Viper  
  136  8:06  Queen  
  136  8:07  Hatchery  
  137  8:13  Overlord x6  
  137  8:17  Queen  
  138  8:29  Overlord x2  
  138  8:31  Queen  
  140  8:37  Overlord  
  140  8:39  Viper x2  
  146  8:42  Ultralisk Cavern  
  146  8:46  Drone x10  
  155  8:54  Zerg Ground Armor Level 2  
  155  8:59  Drone x2  
  157  9:10  Zergling x22  
  157  9:12  Overseer  
  157  9:16  Extractor  
  167  9:17  Extractor  
  167  9:18  Drone  
  167  9:24  Corruptor x5  
  167  9:28  Spore Crawler, Drone x4  
  167  9:29  Spore Crawler  
  179  9:33  Overseer  
  179  9:40  Drone x9  
  188  9:47  Chitinous Plating  
  188  9:49  Zerg Missile Weapons Level 1  
  188  9:51  Drone  
  188  9:52  Drone x2  
  191  9:53  Zerg Flyer Armor Level 2  
  191  10:00  Zergling x18  
  200  10:09  Spore Crawler  
  198  10:17  Spore Crawler  
  198  10:18  Spore Crawler  
  190  10:24  Burrow  
  190  10:27  Roach x12  
  189  10:29  Roach x2  
  181  10:38  Roach x3  
  181  10:51  Hatchery  
  181  10:52  Corruptor  
  171  10:57  Corruptor x5  
  171  11:00  Glial Reconstitution  
  181  11:05  Drone  
  181  11:06  Drone x2  
  184  11:11  Infestor  
  184  11:15  Viper  
  184  11:17  Zergling x10  
  194  11:23  Drone x4  
  192  11:36  Ultralisk  
  194  11:43  Drone x6  
  200  11:58  Spine Crawler  
  200  11:59  Anabolic Synthesis, Zerg Melee Weapons Level 2  
  200  12:00  Spire  
  198  12:11  Zergling x2  
  198  12:12  Zergling x4  
  197  12:18  Adrenal Glands  
  197  12:20  Zerg Flyer Weapons Level 1  
  196  12:24  Zergling x8  
  200  12:39  Spore Crawler x2  
  200  12:40  Spore Crawler  
  200  12:41  Hatchery  
  167  12:54  Zergling x12  
  167  12:56  Ultralisk x2  
  167  12:57  Ultralisk  
  169  12:59  Zergling x12  
  165  13:06  Roach x4  
  165  13:10  Roach  
  164  13:17  Roach x5  
  164  13:27  Queen x2  
  146  13:32  Ultralisk  
  156  13:36  Roach x3  
  156  13:41  Ravager x10  
  172  13:47  Zergling x4  
  172  13:48  Zergling x8  
  177  13:50  Overseer  
  167  13:58  Zergling x6  
  166  14:06  Overlord  
  166  14:08  Roach x2  
  169  14:13  Overlord  
  166  14:17  Overlord  
  166  14:20  Overlord  
  166  14:27  Greater Spire  
  166  14:28  Overlord x2  
  166  14:33  Overlord  
  166  14:45  Zergling x14  
  165  14:56  Ravager x4  
  165  14:58  Roach x2  
  169  15:04  Roach x4  
  165  15:09  Roach x2  
  165  15:12  Overseer  
  159  15:25  Roach x4  
  146  16:08  Hatchery  
  145  16:11  Drone x2  
  145  16:16  Brood Lord x5  
  157  16:23  Infestor  
  157  16:24  Infestor  
  161  16:34  Overlord  
  161  16:43  Brood Lord x2  
  165  16:57  Infestor x2  
  165  17:00  Queen  
  171  17:05  Drone x2  
  173  17:11  Drone x3  
  176  17:17  Viper  
  179  17:27  Overlord  
  179  17:28  Corruptor  
  168  17:40  Brood Lord  
  159  17:44  Zergling x8  
  159  17:45  Zergling x4  
  154  18:02  Corruptor  
  154  18:03  Corruptor  
  150  18:14  Drone x6  
  156  18:32  Roach x4  
Show
View Real Time Build Order
Export as new Build Order

ArT Protoss - Winner!

Build Orders: 1 Gate Expand, Carrier Rush 

Get SALT Encoding   

  12  0:00  Probe  
  13  0:12  Probe  
  14  0:18  Pylon  
  14  0:25  Probe (Chrono Boost)  
  15  0:37  Probe (Chrono Boost)  
  15  0:38  Gateway  
  16  0:45  Probe (Chrono Boost)  
  16  0:46  Assimilator  
  17  0:51  Probe  
  18  1:03  Probe  
  19  1:15  Probe  
  20  1:25  Nexus  
  20  1:34  Cybernetics Core  
  20  1:38  Probe  
  21  1:44  Assimilator  
  21  1:50  Probe  
  21  1:53  Pylon  
  22  2:02  Probe  
  23  2:09  Adept (Chrono Boost)  
  23  2:14  Probe  
  26  2:19  Stargate  
  26  2:23  Warp Gate  
  26  2:27  Probe (Chrono Boost)  
  27  2:31  Adept  
  29  2:37  Probe (Chrono Boost)  
  31  2:44  Probe (Chrono Boost)  
  31  2:46  Probe (Chrono Boost)  
  31  2:51  Probe x2 (Chrono Boost)  
  33  2:56  Void Ray (Chrono Boost)  
  34  3:03  Probe x2  
  40  3:12  Pylon  
  40  3:15  Probe  
  40  3:16  Probe  
  42  3:21  Gateway  
  42  3:25  Assimilator  
  42  3:28  Probe x2 (Chrono Boost)  
  47  3:37  Assimilator  
  47  3:40  Probe x2 (Chrono Boost)  
  46  3:47  Fleet Beacon  
  46  3:49  Probe (Chrono Boost)  
  46  3:50  Probe (Chrono Boost)  
  46  3:54  Probe  
  48  3:56  Probe  
  48  4:00  Stargate  
  50  4:06  Probe  
  50  4:07  Pylon  
  50  4:08  Probe  
  52  4:19  Pylon  
  52  4:20  Probe  
  59  4:35  Pylon  
  59  4:41  Carrier (Chrono Boost)  
  59  4:44  Carrier (Chrono Boost)  
  59  4:52  Nexus  
  65  4:57  Pylon  
  65  5:04  Probe x2  
  67  5:13  Pylon  
  67  5:16  Probe x2  
  69  5:29  Probe  
  69  5:30  Probe  
  69  5:32  Carrier (Chrono Boost)  
  83  5:37  Forge  
  83  5:39  Shield Battery  
  83  5:40  Carrier (Chrono Boost)  
  83  5:44  Probe  
  83  5:45  Pylon  
  83  5:48  Probe  
  85  5:53  Stargate  
  85  5:58  Flux Vanes, Probe (Chrono Boost)  
  87  6:05  Probe (Chrono Boost)  
  87  6:09  Probe x2 (Chrono Boost)  
  89  6:16  Probe x2 (Chrono Boost)  
  89  6:17  Probe (Chrono Boost)  
  92  6:22  Probe  
  92  6:24  Probe, Gateway  
  92  6:25  Probe  
  95  6:26  Assimilator  
  95  6:29  Assimilator  
  95  6:32  Zealot x2  
  99  6:34  Void Ray (Chrono Boost), Probe  
  99  6:36  Probe  
  105  6:44  Probe  
  105  6:46  Pylon  
  106  6:49  Void Ray (Chrono Boost)  
  110  6:55  Void Ray (Chrono Boost)  
  110  7:00  Pylon  
  114  7:07  Pylon  
  114  7:08  Protoss Air Weapons Level 1 (Chrono Boost)  
  114  7:09  Pylon  
  114  7:12  Carrier  
  120  7:24  Twilight Council  
  120  7:28  Gateway  
  120  7:32  Gateway  
  120  7:33  Void Ray x2, Gateway  
  120  7:38  Protoss Ground Weapons Level 1 (Chrono Boost)  
  128  7:48  Sentry x2  
  128  7:49  Charge (Chrono Boost), Zealot  
  134  7:52  Gateway  
  134  7:55  Gateway  
  134  7:57  Shield Battery  
  134  8:00  Pylon  
  134  8:09  Templar Archives  
  134  8:14  Void Ray  
  134  8:18  Pylon  
  138  8:27  Stalker x3  
  138  8:33  Robotics Facility  
  144  8:40  Photon Cannon  
  144  8:41  Nexus  
  144  8:43  Pylon  
  144  8:49  Void Ray x2, Photon Cannon  
  152  9:02  Shield Battery  
  152  9:04  Photon Cannon  
  152  9:07  Shield Battery  
  152  9:11  Probe x2  
  152  9:12  Probe  
  152  9:13  High Templar x2  
  159  9:18  Assimilator  
  159  9:20  Pylon, Archon  
  159  9:21  Assimilator  
  159  9:23  Probe x2  
  161  9:26  Blink (Chrono Boost), Warp Prism (Chrono Boost)  
  161  9:27  High Templar x2  
  167  9:33  Archon  
  167  9:34  Zealot x3  
  173  9:42  Protoss Ground Weapons Level 2 (Chrono Boost)  
  173  9:45  Probe  
  174  9:55  Pylon, Zealot x2  
  174  9:56  Zealot x2  
  182  10:03  Zealot x3  
  188  10:08  Zealot  
  190  10:21  Zealot x4  
  186  10:33  High Templar x2  
  186  10:34  Warp Prism, High Templar  
  182  10:38  Archon, High Templar  
  182  10:40  Robotics Bay  
  182  10:41  Robotics Facility  
  178  10:50  Psionic Storm  
  178  10:51  Probe  
  178  10:52  Probe  
  178  10:54  Photon Cannon  
  178  10:58  Shield Battery  
  178  11:00  High Templar x3  
  180  11:15  Zealot x2  
  180  11:16  Zealot x2  
  196  11:35  Nexus  
  196  11:37  Protoss Air Weapons Level 2 (Chrono Boost)  
  186  11:48  Disruptor x2  
  186  11:52  Gravitic Drive  
  192  11:57  Protoss Ground Weapons Level 3 (Chrono Boost)  
  188  12:02  Photon Cannon  
  188  12:04  Gateway  
  188  12:05  Cybernetics Core, Gateway  
  188  12:07  Gateway  
  188  12:08  Gateway  
  188  12:09  Photon Cannon  
  188  12:19  Pylon  
  186  12:28  High Templar x4  
  194  12:30  Dark Shrine  
  194  12:32  Archon x2  
  194  12:33  High Templar x2  
  192  12:38  Archon  
  171  12:53  Immortal (Chrono Boost)  
  151  12:59  Stalker  
  151  13:00  Stalker x5  
  163  13:11  Archon  
  135  13:13  Zealot x4  
  135  13:14  Zealot x2  
  135  13:15  Immortal (Chrono Boost)  
  137  13:34  High Templar x3  
  137  13:35  High Templar x3, Photon Cannon  
  137  13:39  Immortal (Chrono Boost), Shield Battery  
  137  13:40  Archon x2  
  153  13:41  Zealot x5, Archon  
  153  13:42  Zealot  
  153  13:46  Assimilator  
  169  13:49  Immortal (Chrono Boost)  
  169  13:50  Assimilator  
  169  13:57  Nexus  
  169  14:01  Protoss Air Armor Level 1, Probe x2  
  159  14:04  Immortal (Chrono Boost)  
  163  14:14  High Templar x2  
  167  14:20  Shadow Stride (Chrono Boost)  
  167  14:21  Zealot x9  
  179  14:30  Immortal (Chrono Boost)  
  183  14:41  Photon Cannon  
  183  14:43  Stalker  
  185  14:46  Dark Templar x3  
  187  15:00  Nexus  
  166  15:07  Immortal (Chrono Boost)  
  166  15:12  Immortal (Chrono Boost), High Templar  
  166  15:13  High Templar  
  178  15:32  Observer (Chrono Boost)  
  179  15:38  Void Ray (Chrono Boost)  
  179  15:40  Protoss Shields Level 1  
  179  15:42  Pylon  
  173  15:48  Void Ray x2 (Chrono Boost)  
  185  15:55  Dark Templar  
  179  16:03  Observer (Chrono Boost)  
  182  16:23  Disruptor (Chrono Boost)  
  181  16:26  Disruptor (Chrono Boost)  
  181  16:28  Dark Templar x2  
  181  16:29  Nexus  
  186  16:37  Pylon  
  181  16:49  Photon Cannon  
  181  16:50  Photon Cannon  
  181  16:52  Disruptor x2 (Chrono Boost), Dark Templar  
  178  17:15  Dark Templar  
  178  17:16  Zealot x7, Dark Templar  
  178  17:17  Zealot x2  
  184  17:45  Void Ray x2 (Chrono Boost)  
  184  17:46  Nexus  
  170  18:03  Zealot x4  
  170  18:04  Dark Templar  
  176  18:06  Void Ray (Chrono Boost)  
  176  18:11  Pylon  
  176  18:12  Stalker x7  
  182  18:14  Assimilator  
  182  18:16  Assimilator  
  182  18:19  Stargate  
  137  19:02  Stalker  
  139  19:03  Stalker x3  
Tags
 
Add a new tag
Caveats
  • Supply blocks, unpowered buildings, or Contaminate may cause inaccurate times.
  • Supply counts are checked every 10 seconds.